Map: Blueshift LE

Players

Archnemisis

  • Race: Terran Terran
  • League: Diamond
  • Spawn Location: 7:00

Heeebs - Winner!

  • Race: Protoss Protoss
  • League: Diamond
  • Spawn Location: 1:00

VOD

Have the link to the VOD?

Description

Protoss fast 2 stalker aggression into colossus adept push

Time

  • Played on: Sept. 27, 2018, 12:38 p.m.
  • Length: 8:58
Show
View Real Time Build Order
Export as new Build Order

Archnemisis Terran 

Build Orders: Reaper Expand 

Get SALT Encoding   

  12  0:00  SCV  
  13  0:13  SCV  
  14  0:17  Supply Depot  
  14  0:25  SCV  
  15  0:38  SCV  
  15  0:41  Barracks  
  16  0:44  Refinery  
  16  0:50  SCV  
  17  1:02  SCV  
  18  1:15  SCV  
  19  1:28  Orbital Command  
  19  1:29  Reaper  
  20  1:49  Command Center  
  20  1:53  SCV  
  21  2:01  Barracks  
  21  2:05  Barracks Reactor  
  21  2:10  SCV  
  21  2:14  Supply Depot  
  22  2:22  Factory  
  22  2:42  Refinery  
  22  2:43  SCV  
  23  2:51  Marine  
  23  2:52  Marine  
  23  2:56  Bunker  
  24  3:01  Marine  
  25  3:06  Cyclone  
  25  3:10  Orbital Command  
  28  3:18  Marine x2  
  28  3:19  Marine  
  31  3:29  SCV  
  32  3:37  SCV  
  32  3:38  Barracks Tech Lab  
  33  3:58  SCV x2  
  33  3:59  Marine x2  
  33  4:01  Marauder  
  33  4:02  Stimpack  
  39  4:05  Starport  
  39  4:07  Factory Tech Lab  
  39  4:14  SCV  
  39  4:15  SCV  
  41  4:18  Engineering Bay  
  41  4:27  SCV x2  
  41  4:28  Siege Tank  
  46  4:42  Marine  
  46  4:48  Starport Reactor  
  46  4:52  Missile Turret  
  46  4:57  Supply Depot  
  46  4:58  Supply Depot  
  46  4:59  Supply Depot  
  46  5:00  Missile Turret  
  46  5:13  Terran Infantry Weapons Level 1  
  46  5:18  SCV x2, Marine x2  
  46  5:19  Marauder, Siege Tank  
  55  5:29  Refinery  
  55  5:30  Refinery  
  55  5:41  Marine x2  
  55  5:42  Marauder  
  59  5:44  Missile Turret, Medivac  
  61  6:01  Engineering Bay  
  61  6:04  Armory  
  61  6:08  Barracks x2  
  61  6:11  SCV  
  61  6:12  Barracks  
  61  6:13  SCV  
  63  6:37  SCV  
  63  6:38  SCV  
  65  6:40  Marine x2  
  65  6:41  Marauder  
  65  6:44  Terran Infantry Armor Level 1  
  69  6:48  Supply Depot  
  69  6:53  Supply Depot  
  69  6:56  SCV  
  70  7:09  SCV, Siege Tank  
  71  7:23  Barracks Tech Lab  
  71  7:24  Barracks Tech Lab  
  71  7:25  Marine x2, Barracks Reactor  
  71  7:26  Marauder  
  71  7:27  Medivac x2  
  79  7:44  Marine x2  
  79  7:45  Marauder x2  
  79  7:50  SCV  
  86  8:06  Marauder, SCV  
  86  8:10  Siege Tank  
Show
View Real Time Build Order
Export as new Build Order

Heeebs Protoss - Winner!

Build Orders: Colossus Rush 

Get SALT Encoding   

  12  0:00  Probe  
  13  0:12  Probe  
  14  0:18  Pylon  
  14  0:24  Probe  
  15  0:36  Probe  
  15  0:41  Gateway  
  16  0:45  Assimilator, Probe  
  17  0:54  Probe  
  17  0:55  Assimilator  
  18  1:13  Probe  
  19  1:19  Gateway  
  19  1:24  Probe  
  19  1:30  Cybernetics Core  
  19  1:32  Probe  
  20  1:41  Pylon, Probe  
  21  1:53  Probe  
  22  2:06  Stalker x2  
  26  2:08  Warp Gate  
  26  2:20  Probe  
  27  2:23  Pylon  
  26  2:40  Stalker  
  26  2:47  Stalker  
  30  3:12  Nexus  
  30  3:40  Robotics Facility, Gateway  
  30  3:43  Gateway  
  30  3:45  Pylon  
  30  3:48  Probe  
  31  4:04  Probe  
  31  4:06  Pylon  
  31  4:08  Sentry x2  
  36  4:12  Probe  
  37  4:20  Probe  
  37  4:24  Probe  
  37  4:27  Observer  
  40  4:36  Probe  
  41  4:42  Immortal  
  41  4:44  Probe  
  42  4:52  Robotics Bay  
  46  4:53  Probe  
  46  4:56  Probe  
  48  5:05  Probe  
  49  5:08  Probe  
  49  5:09  Pylon  
  50  5:17  Adept x2  
  50  5:20  Probe x2  
  56  5:23  Assimilator  
  56  5:27  Assimilator  
  56  5:31  Observer  
  56  5:35  Colossus  
  57  5:41  Extended Thermal Lance  
  57  5:48  Probe  
  57  5:49  Probe  
  65  6:01  Probe x2  
  67  6:12  Pylon  
  67  6:13  Probe x2  
  67  6:14  Colossus, Adept  
  67  6:16  Pylon  
  67  6:17  Adept  
  73  6:25  Probe x2  
  81  6:37  Probe  
  82  6:47  Gateway  
  82  6:48  Gateway  
  82  6:49  Gateway  
  82  6:54  Gateway  
  82  6:59  Pylon  
  82  7:03  Pylon  
  82  7:06  Warp Prism  
  82  7:19  Adept x3  
  82  7:20  Adept  
  88  7:26  Shield Battery  
  88  7:34  Pylon  
  88  7:43  Adept x2  
  88  7:44  Adept x2  
  95  7:49  Adept x2  
  99  8:04  Adept x3  
  99  8:05  Adept  
  93  8:20  Adept x3  
  99  8:31  Pylon  
  99  8:33  Pylon  
  97  8:48  Zealot x5  
  97  8:49  Zealot x2  
Tags
 
Add a new tag
Caveats
  • Supply blocks, unpowered buildings, or Contaminate may cause inaccurate times.
  • Supply counts are checked every 10 seconds.